 Dungeon Crawl Stone Soup version 0.17.1-3-g152610e (webtiles) character file.

37 MrTails the Skirmisher (level 3, 0/29 HPs)
             Began as a Demonspawn Berserker on Feb 23, 2016.
             Was a Believer of Trog.
             Slain by a rat (2 damage)
             ... on level 2 of the Dungeon.
             The game lasted 00:02:00 (1004 turns).

MrTails the Skirmisher (Demonspawn Berserker)       Turns: 1004, Time: 00:02:00

Health: 0/29       AC:  2    Str: 18    XL:     3   Next: 23%
Magic:  3/3        EV: 12    Int:  8    God:    Trog [**....]
Gold:   61         SH:  0    Dex: 12    Spells: 0 memorised, 2 levels left

rFire  . . .     SeeInvis .     a - +0 hand axe
rCold  + . .     Clarity  .     b - +0 animal skin
rNeg   . . .     SustAt   .     (no shield)
rPois  .         Gourm    .     (no helmet)
rElec  .         Spirit   .     (no cloak)
rCorr  .         Warding  .     (no gloves)
rMut   .         Stasis   .     (no boots)
MR     .....                    (no amulet)
Stlth  +.........               (no ring)
                                (no ring)

@: lethally poisoned (0 -> -2), exhausted, slowed, very slow, not resistant to
hostile enchantments, very unstealthy
A: cold resistance 1
a: Berserk, Trog's Hand, Burn Spellbooks, Renounce Religion


You were on level 2 of the Dungeon.
You worshipped Trog.
Trog was pleased with you.
You were very hungry.

You visited 1 branch of the dungeon, and saw 2 of its levels.

You collected 61 gold pieces.

Inventory:

Hand Weapons
 a - a +0 hand axe (weapon)
Armour
 b - a +0 animal skin (worn)
Scrolls
 e - a scroll of immolation {unknown}
 f - 3 scrolls of remove curse {unknown}
 g - a scroll of fog {unknown}
 h - a scroll of magic mapping {unknown}
 k - a scroll of identify {unknown}
Potions
 j - a potion of flight {unknown}
 l - 2 potions of might {unknown}
 m - 2 potions of curing {unknown}
Comestibles
 c - 2 bread rations
 d - 2 meat rations
 i - 3 fruits


   Skills:
 + Level 3.4 Fighting
 + Level 2.9 Axes
 + Level 1.8 Armour
 + Level 2.6 Dodging
 + Level 0.2 Stealth


You had 2 spell levels left.
You didn't know any spells.

Dungeon Overview and Level Annotations

Branches:
Dungeon (2/15)

Altars:


Innate Abilities, Weirdness & Mutations

Your flesh is cold resistant.


Message History

You are exhausted.
You feel yourself slow down.
You are feeling very hungry.
You feel sick.
You are too injured to fight recklessly!
You are too injured to fight recklessly!
You are too injured to fight recklessly!
You are too injured to fight recklessly!
You hit the rat but do no damage.
You feel sick. The rat bites you.
* * * LOW HITPOINT WARNING * * *
You barely miss the rat. The rat closely misses you. The rat misses you.
You completely miss the rat.
* * * LOW HITPOINT WARNING * * *
You feel sick. The rat barely misses you. The rat bites you.
* * * LOW HITPOINT WARNING * * *
You hit the rat but do no damage. The rat barely misses you.
You completely miss the rat.
* * * LOW HITPOINT WARNING * * *
You feel sick. The rat closely misses you. The rat bites you.
You die...

.. .........# . .##..#.## ...
......#... ........†#### .
..###.....#.###..###...)... .
..#..#...#..#..##..# ###...#.
.. ....................##...#.
... #.#.#.#.................†#
#... #...#.#.##.......(........
..... #................#.....#.
[.....##......@........##......
...............r..............#
......##.......................
..... #...............##......
.... #...............##......
### #..#.#####<...####......
#..#..# #....####.....#
####..##.# ###.....#.#....
##........######..........##


You could see a rat.

Vanquished Creatures
  An adder (D:2)
  6 hobgoblins
  2 jackals (D:1)
  8 bats
  2 giant geckos (D:1)
  4 giant newts
  2 goblins (D:2)
  3 rats
28 creatures vanquished.

Notes
Turn   | Place    | Note
--------------------------------------------------------------
     0 | D:1      | MrTails the Demonspawn Berserker began the quest for the Orb.
     0 | D:1      | Reached XP level 1. HP: 18/18 MP: 1/1
   478 | D:1      | Gained mutation: Your flesh is cold resistant. [demonic ancestry]
   478 | D:1      | Reached XP level 2. HP: 18/24 MP: 2/2
   851 | D:2      | Reached ** piety under Trog
   992 | D:2      | Reached XP level 3. HP: 14/29 MP: 3/3
  1004 | D:2      | Slain by a rat

Action                   || total
-------------------------++-------
Melee: Hand axe          ||    77
Invok: Berserk           ||     2
 Stab: Sleeping          ||     2
  Eat: Chunk             ||     1
